 Dungeon Crawl Stone Soup version 0.29-a0-80-g3050e97935 (webtiles) character file.

Game seed: 3380672704985157558

1080 Grim the Skirmisher (level 8, -5/88 HPs)
             Began as an Ogre Gladiator on Feb 4, 2022.
             Was a Follower of Cheibriados.
             Slain by niknal's ghost (9 damage)
             ... on level 5 of the Dungeon.
             The game lasted 00:07:23 (6259 turns).

Grim the Skirmisher (Ogre Gladiator)                Turns: 6259, Time: 00:07:24

Health: -5/88      AC:  3    Str: 21    XL:     8   Next: 29%
Magic:  10/10      EV: 10    Int: 13    God:    Cheibriados [*.....]
Gold:   301        SH:  0    Dex: 12    Spells: 7/7 levels left

rFire   . . .      SeeInvis .   v - +0 morningstar
rCold   . . .      Faith    .   (no shield)
rNeg    . . .      Spirit   .   b - +0 robe
rPois   .          Reflect  .   c - +0 hat
rElec   .          Harm     .   (no cloak)
rCorr   .          Rampage  .   (gloves unavailable)
Will    +....                   (boots unavailable)
Stlth   +.........              (no amulet)
HPRegen 0.24/turn               k - ring of willpower
MPRegen 0.12/turn               (no ring)

@: hasted, studying Unarmed Combat, quick
A: large, unfitting armour, tough skin 1
a: Renounce Religion, Bend Time


You were on level 5 of the Dungeon.
You worshipped Cheibriados.
Cheibriados was aware of your devotion.
You visited 2 branches of the dungeon, and saw 6 of its levels.

You collected 301 gold pieces.

Inventory:

Hand Weapons
 a - a +0 flail
 v - a +0 morningstar (weapon)
Missiles
 d - 2 throwing nets (quivered)
 g - 60 stones
 m - 8 poisoned darts
 p - 5 atropa-tipped darts
 s - 3 silver javelins
 t - a boomerang
Armour
 b - a +0 robe (worn)
 c - a +0 hat (worn)
Jewellery
 k - a ring of willpower (left hand)
 A - a ring of poison resistance
Wands
 y - a wand of digging (5)
Scrolls
 e - a scroll of enchant weapon {unknown}
 f - 3 scrolls of amnesia {unknown}
 o - a scroll of noise {unknown}
 r - a scroll of teleportation {unknown}
 u - 2 scrolls of identify {unknown}
 w - a scroll of magic mapping {unknown}
 x - 2 scrolls of torment {unknown}
Potions
 h - a potion of might {unknown}
 i - a potion of mutation {unknown}
 j - a potion of degeneration {unknown}
 l - 2 potions of curing
 n - a potion of flight {unknown}
 q - a potion of haste
 z - a potion of lignification {unknown}


   Skills:
 * Level 7.9 Fighting
 * Level 7.0 Maces & Flails
 - Level 2.0 Throwing
 - Level 2.6 Dodging
 + Level 2.8 Invocations


You had 7 spell levels left.
You didn't know any spells.
Your spell library contained the following spells:

 Spells                   Type           Power      Damage    Failure   Level
 Magic Dart               Conj           0%         1d3       30%         1
 Summon Small Mammal      Summ           0%         N/A       30%         1
 Searing Ray              Conj           0%         2d4       43%         2
 Call Canine Familiar     Summ           0%         N/A       67%         3
 Ignite Poison            Fire/Tmut/Pois 0%         N/A       67%         3
 Mephitic Cloud           Conj/Pois/Air  0%         N/A       67%         3
 Summon Guardian Golem    Hex/Summ       0%         N/A       67%         3
 Fulminant Prism          Conj/Hex       0%         3d6       97%         4
 Freezing Cloud           Conj/Ice/Air   0%         6-21      100%        5


Dungeon Overview and Level Annotations

Branches:
Dungeon (5/15)             Temple (1/1) D:4

Altars:
Ashenzari
Cheibriados
Dithmenos
Elyvilon
Fedhas
Gozag
Hepliaklqana
Okawaru
Qazlal
Ru
Sif Muna
Trog
Wu Jian
Xom
Yredelemnul
Zin

Annotations:
D:4 3 runed translucent doors, Grim's ghost, weakling MiDe
D:5 niknal's ghost, novice OpTm


Innate Abilities, Weirdness & Mutations

You are too large for most types of armour.
You have tough skin. (AC +1)


Message History

* * * LOW HITPOINT WARNING * * *
Niknal's ghost hits you!
* * * LOW HITPOINT WARNING * * *
Okay, then.
Unknown command.
You barely miss niknal's ghost.
Niknal's ghost is heavily damaged.
Niknal's ghost hits you!
* * * LOW HITPOINT WARNING * * *
You closely miss niknal's ghost.
Niknal's ghost is heavily damaged.
Niknal's ghost hits you.
* * * LOW HITPOINT WARNING * * *
Unknown command.
It was a potion of curing.
You feel better.
Niknal's ghost feints to the left.
Niknal's ghost hits you!
* * * LOW HITPOINT WARNING * * *
You are too injured to fight recklessly!
Unknown command.
It was a potion of haste.
You feel yourself speed up.
Cheibriados forgives your accidental hurry, just this once.
Niknal's ghost hits you.
* * * LOW HITPOINT WARNING * * *
You barely miss niknal's ghost.
Niknal's ghost is heavily damaged.
Niknal's ghost hits you but does no damage.
You barely miss niknal's ghost.
Niknal's ghost is moderately damaged.
You puncture niknal's ghost!
Niknal's ghost is severely damaged.
Niknal's ghost barely misses you.
You puncture niknal's ghost!
Niknal's ghost is almost destroyed.
Niknal's ghost hits you.
* * * LOW HITPOINT WARNING * * *
You miss niknal's ghost.
Niknal's ghost is almost destroyed.
Niknal's ghost hits you!
You die...

#..##.# ##.#.#.#.#
##.##.# #$..#..'.##
#....#####?.....'..#
#........#:..#.K'K.#
###.#.....##.#.#.#KK#
##...#......##.⌠.##.K#
#..###.......#####..K#
#.####........#####KK#
....[...........@WKK##
..####........#######
...# #........# #..#
#........#
...############ ##..#
###.# # #.# # ###


You could see a kobold brigand, niknal's ghost and 3 kobolds.

Vanquished Creatures
  A sky beast (D:5)
  2 ogres
  3 black bears
  A water moccasin skeleton (D:4)
  A bullfrog zombie (D:5)
  A bullfrog skeleton (D:5)
  A centaur zombie (D:5)
  2 hounds
  A jelly (D:5)
  3 iguanas
  A centaur skeleton (D:4)
  A hound zombie (D:5)
  A hound skeleton (D:4)
  4 adders
  6 gnolls
  3 ufetubi
  An adder skeleton (D:4)
  3 worms
  4 dart slugs
  2 orcs (D:3)
  2 ball pythons (D:4)
  9 endoplasms
  3 giant cockroaches
  7 goblins
  11 hobgoblins
  2 jackals (D:3)
  A quokka (D:2)
  2 bats (D:1)
  A frilled lizard (D:2)
  3 kobolds
  4 rats
87 creatures vanquished.

Notes
Turn   | Place    | Note
-------+----------+-------------------------------------------
     0 | D:1      | Grim the Ogre Gladiator began the quest for the Orb.
     0 | D:1      | Reached XP level 1. HP: 22/22 MP: 1/1
   178 | D:1      | Reached XP level 2. HP: 18/31 MP: 2/2
   728 | D:1      | Reached XP level 3. HP: 27/37 MP: 3/3
  1012 | D:1      | Found a faded altar of an unknown god.
  1846 | D:2      | Reached XP level 4. HP: 38/48 MP: 4/4
  2839 | D:3      | Found a glowing silver altar of Zin.
  2915 | D:3      | Noticed a black bear
  2920 | D:3      | Killed a black bear
  2921 | D:3      | Reached XP level 5. HP: 55/55 MP: 5/5
  2937 | D:3      | Found an ornate altar of the Wu Jian Council.
  3208 | D:3      | Reached skill level 5 in Maces & Flails
  3469 | D:4      | Found a shimmering blue altar of Sif Muna.
  3479 | D:3      | Reached skill level 5 in Fighting
  3490 | D:3      | Reached XP level 6. HP: 35/66 MP: 6/6
  4246 | D:4      | Found a staircase to the Ecumenical Temple.
  4264 | Temple   | Entered the Ecumenical Temple
  4359 | Temple   | Became a worshipper of Cheibriados the Contemplative
  4438 | D:4      | Found a runed translucent gate.
  4439 | D:4      | Found a runed translucent gate.
  4440 | D:4      | Found a runed translucent gate.
  4441 | D:4      | Found an opulent altar of Gozag.
  4441 | D:4      | Noticed a sky beast
  4443 | D:4      | Noticed Grim's ghost (weakling MiDe)
  4505 | D:4      | Reached XP level 7. HP: 71/74 MP: 7/7
  4589 | D:4      | Found an iron altar of Okawaru.
  4589 | D:4      | Found a bloodstained altar of Trog.
  5056 | D:5      | Entered Level 5 of the Dungeon
  5101 | D:5      | Reached skill level 1 in Invocations
  5465 | D:5      | Found a runed translucent gate.
  5465 | D:5      | Found a runed translucent gate.
  5465 | D:5      | Found a runed translucent gate.
  5465 | D:5      | Noticed niknal's ghost (novice OpTm)
  5676 | D:5      | Reached XP level 8. HP: 52/87 MP: 9/9
  5919 | D:5      | Reached * piety under Cheibriados
  6258 | D:5      | HP: 4/88 [niknal's ghost (4)]
  6259 | D:5      | Slain by niknal's ghost

Illustrated notes

Levels and vault maps discovered:
D:1:      minmay_arrival_solitary_statue, layout_loops_cross,
          hellmonk_ecumenical_altar_pennies_from_heaven
D:2:      layout_basic
D:3:      layout_rooms, mainiacjoe_overflow_concentric_impassable,
          nicolae_overflow_crystal_walls, minivault_23,
          kennysheep_generic_room_12
D:4:      layout_loops_cross, general_overflow_altar,
          grunt_temple_overflow_bloody_war, minmay_temple_entry_mini_moons,
          ebering_ghost_gozag
D:5:      layout_rooms, gammafunk_ghost_nasty_kobolds, minmay_manual_maat
Temple:   eino_wide_crystal_templ

Skill      XL: |  1  2  3  4  5  6  7  8 |
---------------+-------------------------+-----
Fighting       | 3 4 5 7 |  7.9
Maces & Flails | 3 4 5 6 7 |  7.0
Invocations    | 2 |  2.8
Throwing       | |  2.0
Dodging        | |  2.6

Action                   |  1- 3 |  4- 6 |  7- 9 || total
-------------------------+-------+-------+-------++-------
Melee: Flail             |    86 |   100 |       ||   186
       Punch             |     1 |     1 |     4 ||     6
       Morningstar       |       |    38 |    79 ||   117
Throw: Throwing net      |     1 |     1 |     2 ||     4
       Dart              |       |     7 |       ||     7
  Use: Potion            |       |       |     2 ||     2
 Stab: Held in net/web   |     1 |       |       ||     1
Armor: Robe              |    21 |    24 |    10 ||    55
Dodge: Dodged            |    44 |    82 |    53 ||   179

Table legend: (Time is in decaauts)
 A = Elapsed time spent in this place.
 B = Non-inter-level travel time spent in this place.
 C = Inter-level travel time spent in this place.
 D = Time resting spent in this place.
 E = Time spent auto-exploring this place.
 F = Levels seen in this place.
 G = Mean time per level.
                   A        B        C        D        E       F      G
               +--------+--------+--------+--------+--------+-----+--------+
         Total |   6616 |   6479 |    137 |   1535 |   4098 |   6 | 1102.7 |
       Dungeon |   6500 |   6383 |    117 |   1535 |   4054 |   5 | 1300.0 |
        Temple |    116 |     96 |     20 |      0 |     44 |   1 |  116.0 |
               +--------+--------+--------+--------+--------+-----+--------+

Top non-repeatable levels by time:
     D:4: 1449 daAuts
     D:2: 1406 daAuts
     D:5: 1385 daAuts
     D:1: 1322 daAuts
     D:3: 937 daAuts
  Temple: 116 daAuts
